 Dungeon Crawl Stone Soup version 0.30.1-9-gdf580d7c3d (webtiles) character file.

Game seed: 15079417819105631500

4809 Zonian the Thaumaturge (level 10, -3/50 HPs)
             Began as a Deep Elf Conjurer on Oct 5, 2023.
             Was a High Priest of Nemelex Xobeh.
             Slain by a hog (9 damage)
             ... on level 9 of the Dungeon.
             The game lasted 00:33:29 (15779 turns).

Zonian the Thaumaturge (Deep Elf Conjurer)         Turns: 15779, Time: 00:33:30

Health: -3/50      AC:  6    Str:  4    XL:     10   Next: 24%
Magic:  13/25      EV: 20    Int: 28    God:    Nemelex Xobeh [*****.]
Gold:   269        SH:  0    Dex: 13    Spells: 12/28 levels left

rFire   . . .        C - +0 dagger (drain)
rCold   . . .        (no shield)
rNeg    . . .        a - +2 robe
rPois   +            (no helmet)
rElec   .            (no cloak)
rCorr   .            z - +1 pair of gloves
SInv    .            (no boots)
Will    +....        e - amulet of regeneration
Stlth   ++++         f - +5 ring of evasion
HPRegen 1.08/turn    D - ring of poison resistance
MPRegen 0.19/turn

%: no passive effects
@: no status effects
A: no striking features
a: Renounce Religion, Draw Escape, Draw Destruction, Draw Summoning, Triple
Draw, Deal Four, Stack Five


You were on level 9 of the Dungeon.
You worshipped Nemelex Xobeh.
Nemelex Xobeh was extremely pleased with you.
You visited 1 branch of the dungeon, and saw 9 of its levels.
You also visited: Ossuary.

You collected 719 gold pieces.
You spent 450 gold pieces at shops.

Inventory:

Hand Weapons
 g - a +0 short sword
 q - a +1 spear of pain
 w - a +1 hammer of protection
 C - a +0 dagger of draining (weapon)
 F - a +0 rapier
 H - a +1 dagger of speed
 K - a +1 flail of holy wrath
 L - the +8 lajatang of Wu Jian's Regard {heavy, rF++ Will+ Str+5}
   (You found it on level 9 of the Dungeon)

   Str:       It affects your strength (+5).
   rF:        It greatly protects you from fire.
   Will:      It increases your willpower.
Missiles
 j - 10 boomerangs
 A - 2 throwing nets
 B - 17 poisoned darts
Armour
 a - a +2 robe (worn)
 z - a +1 pair of gloves (worn)
 E - a +0 cloak
Jewellery
 e - an amulet of regeneration (around neck)
 f - a +5 ring of evasion (left hand)
 k - a ring of positive energy
 m - a ring of protection from cold
 v - an amulet of the acrobat
 D - a ring of poison resistance (right hand)
Wands
 t - a wand of charming (9)
 I - a wand of digging (7)
 J - a wand of flame (7)
Scrolls
 n - a scroll of poison
 r - 7 scrolls of teleportation
 x - 3 scrolls of blinking
 y - 3 scrolls of fear
Potions
 b - a potion of attraction {unknown}
 c - 3 potions of flight
 d - 3 potions of might
 h - a potion of resistance {unknown}
 i - 5 potions of haste
 l - 2 potions of berserk rage
 o - 3 potions of heal wounds {unknown}
 p - 4 potions of curing
 s - a potion of cancellation {unknown}
 u - 3 potions of mutation {unknown}
 G - 2 potions of brilliance {unknown}


   Skills:
 + Level 0.7 Short Blades
 + Level 8.7 Dodging
 + Level 9.4 Stealth
 + Level 9.6 Spellcasting
 + Level 8.9 Conjurations
 + Level 7.0 Hexes
 + Level 0.8 Translocations


You had 12 spell levels left.
You knew the following spells:

 Your Spells              Type           Power      Damage    Failure   Level
a - Magic Dart            Conj           100%       1d8       1%          1
b - Searing Ray           Conj           100%       2d8       1%          2
c - Slow                  Hex            100%       N/A       1%          1
d - Dazzling Flash        Conj/Hex       100%       N/A       1%          3
e - Confusing Touch       Hex            52%        N/A       1%          3
f - Fulminant Prism       Conj/Hex       27%        3d14      1%          4
g - Blink                 Tloc           36%        N/A       4%          2

Your spell library contained the following spells:

 Spells                   Type           Power      Damage    Failure   Level
 Momentum Strike          Conj/Tloc      82%        3d10      1%          2
 Lesser Beckoning         Tloc           36%        N/A       4%          2
 Iskenderun's Mystic Bla  Conj/Tloc      41%        2d9       5%          4
 Cigotuvi's Dreadful Rot  Necr/Pois/Air  26%        N/A       6%          2
 Scorch                   Fire           26%        2d6       6%          2
 Sublimation of Blood     Necr           13%        N/A       6%          2
 Wereblood                Tmut           13%        N/A       6%          2
 Flame Wave               Conj/Fire      38%        2d10      7%          4
 Gell's Gravitas          Tloc           18%        N/A       9%          3
 Teleport Other           Tloc           18%        N/A       9%          3
 Vampiric Draining        Necr           13%        2d6       12%         3
 Metabolic Englaciation   Hex/Ice        16%        N/A       26%         5
 Dispel Undead            Necr           13%        3d9       38%         4
 Petrify                  Tmut/Erth      13%        N/A       38%         4
 Death Channel            Necr           6%         N/A       99%         6
 Dispersal                Tloc           9%         N/A       99%         6
 Statue Form              Tmut/Erth      8%         N/A       99%         6
 Summon Cactus Giant      Summ           6%         N/A       99%         6
 Summon Hydra             Summ           6%         N/A       100%        7


Dungeon Overview and Level Annotations

Branches:
Dungeon (9/15)             Temple (0/1) D:7         Ossuary (visited)
   Lair: D:8-11         Orc: D:9-12

Altars:
Ashenzari
Dithmenos
Elyvilon
Fedhas
Hepliaklqana
Nemelex Xobeh
Qazlal
Ru
Trog
Wu Jian
Xom
Yredelemnul
Zin

Shops:
D:2 ?(!   D:6 ?:(=[

Annotations:
D:3 1 runed translucent door, Crazy Yiuf


Message History

The hog is almost dead.
The hog completely misses you.
Unknown command.
Casting: Magic Dart (safe; 1% risk of failure)
Confirm with . or Enter, or press ? or * to list all spells.
Aiming: Magic Dart (safe; 1% risk of failure)
Press: ? - help, Shift-Dir - straight line, f/p - hog
Aim: a hog (almost dead, 100% to hit)
The magic dart hits the hog.
You kill the hog!
The hog barely misses you.
Your Hexes skill increases to level 7!
Unknown command.
Casting: Magic Dart (safe; 1% risk of failure)
Confirm with . or Enter, or press ? or * to list all spells.
Your hands begin to glow red.
The hog closely misses you.
You hit the hog but do no damage.
The hog is heavily wounded.
The hog closely misses you.
Unknown command.
You hit the hog but do no damage.
The hog is heavily wounded.
The hog misses you.
You hit the hog but do no damage.
The hog is heavily wounded.
The hog bites you but does no damage. The hog bites you!
* * * LOW HITPOINT WARNING * * *
Unknown command.
Casting: Confusing Touch (safe; 1% risk of failure)
Confirm with . or Enter, or press ? or * to list all spells.
Okay, then.
You hit the hog but do no damage.
The hog is heavily wounded.
The hog bites you!
* * * LOW HITPOINT WARNING * * *
You hit the hog but do no damage.
The hog appears confused.
The hog is heavily wounded.
The hog bites you!
You die...
Your body glows slightly and disappears.

...'.#.......>.# #.#
...#.#.........# #)#
...#.#.>......?# #.###
...#.#.........# #...#
...#.'.........# ###.#
...###.........#### #.##
...# #..........#.##
#..#
######.......#hh#..##
##.#
#.....#...#.#@...### #.#
#.....#.#...#..#...# #.#
####.......#).#...###.##
#.# .#....##.#....#.#.#
#..# #.#
...#.........#....#
##.######.##
.###...##(...#.#.##
#.........# .#
#...))........#
#?........# .#
#.##...##....##
#.........#
.###....##.....##
#.........#


You could see 2 hogs.

Vanquished Creatures
  A hornet (D:9)
  Prince Ribbit (D:5)
  A blink frog (D:6)
  A yak (D:9)
  A human (D:9)
  2 hogs (D:9)
  2 water moccasins
  An orc warrior (D:8)
  An ice beast (D:5)
  3 black bears
  2 ogres (D:5)
  2 centaurs
  A tengu (D:9)
  3 kobold brigands
  5 bullfrogs
  A gnoll sergeant (D:9)
  3 scorpions
  10 wights
  3 jellies
  7 killer bees
  3 howler monkeys (D:9)
  5 hounds
  3 orc priests (D:7)
  An iguana (D:5)
  A sleepcap (D:6)
  4 orc wizards
  2 mummies (Ossuary)
  6 adders
  4 gnolls (D:5)
  2 white imps
  4 ufetubi
  3 dart slugs
  15 orcs
  7 endoplasms
  4 giant cockroaches
  3 gnoll zombies (Ossuary)
  14 hobgoblins
  3 jackals (D:3)
  2 quokkas
  6 ball pythons
  4 bats
  5 frilled lizards
  8 goblins
  A goblin zombie (Ossuary)
  3 hobgoblin zombies (Ossuary)
  15 kobolds
  7 orc zombies (Ossuary)
  5 rats
191 creatures vanquished.

Vanquished Creatures (collateral kills)
  A bullfrog (D:9)
  2 killer bees (D:9)
3 creatures vanquished.

Vanquished Creatures (others)
  A fulminant prism (D:9)
1 creature vanquished.

Grand Total: 195 creatures vanquished

Notes
Turn   | Place    | Note
-------+----------+-------------------------------------------
     0 | D:1      | Zonian the Deep Elf Conjurer began the quest for the Orb.
     0 | D:1      | Reached XP level 1. HP: 10/10 MP: 6/6
   277 | D:1      | Reached XP level 2. HP: 15/15 MP: 5/8
  1028 | D:2      | Learned a level 2 spell: Searing Ray
  1031 | D:2      | Found a faded altar of an unknown god.
  1169 | D:2      | Prayed at the altar of an unknown god.
  1169 | D:2      | Became a worshipper of Nemelex Xobeh the Trickster
  1169 | D:2      | Reached * piety under Nemelex Xobeh
  1595 | D:2      | Reached XP level 3. HP: 19/19 MP: 7/10
  1663 | D:2      | Found Urgheck's Magic Scroll Shoppe.
  1675 | D:2      | Bought a scroll of teleportation for 42 gold pieces
  1888 | D:2      | Found a glowing silver altar of Zin.
  2055 | D:2      | Found Facveiqu's Distillery.
  2310 | D:2      | Reached XP level 4. HP: 24/24 MP: 9/12
  2338 | D:2      | Received a gift from Nemelex Xobeh
  2511 | D:2      | Found Hos Pafe's Weapon Shop.
  2747 | D:3      | Found a bloodstained altar of Trog.
  3139 | D:3      | Reached ** piety under Nemelex Xobeh
  3140 | D:3      | Found a blossoming altar of Fedhas.
  3194 | D:3      | Learned a level 1 spell: Slow
  3240 | D:3      | Reached skill level 5 in Conjurations
  3634 | D:3      | Found a shimmering altar of Xom.
  3635 | D:3      | Found a sacrificial altar of Ru.
  3682 | D:3      | Found a runed translucent door.
  3682 | D:3      | Noticed Crazy Yiuf
  4026 | D:4      | Received a gift from Nemelex Xobeh
  4239 | D:4      | Noticed a scorpion
  4247 | D:4      | Killed a scorpion
  4248 | D:4      | Reached XP level 5. HP: 23/28 MP: 5/13
  4291 | D:4      | Received a gift from Nemelex Xobeh
  4363 | D:4      | Found a sand-covered staircase.
  4371 | Ossuary  | Entered an ossuary
  5770 | D:4      | Reached *** piety under Nemelex Xobeh
  6382 | D:4      | Found a hazy altar of Hepliaklqana.
  6419 | D:5      | Entered Level 5 of the Dungeon
  6419 | D:5      | Noticed an ice beast
  6465 | D:5      | Received a gift from Nemelex Xobeh
  6490 | D:5      | Noticed an ogre
  6492 | D:5      | Noticed an ogre
  6500 | D:5      | Killed an ogre
  6501 | D:5      | Reached skill level 5 in Spellcasting
  6501 | D:5      | Reached XP level 6. HP: 32/32 MP: 11/15
  6502 | D:5      | Reached skill level 5 in Stealth
  6523 | D:5      | Killed an ice beast
  6524 | D:5      | Reached skill level 5 in Dodging
  6524 | D:5      | Reached XP level 7. HP: 36/36 MP: 13/17
  6863 | D:5      | Found a broken altar of Ashenzari.
  7189 | D:5      | Found a shadowy altar of Dithmenos.
  7516 | D:5      | Noticed Prince Ribbit
  7551 | D:5      | Killed Prince Ribbit
  7807 | D:5      | Learned a level 3 spell: Dazzling Flash
  8184 | D:5      | Reached skill level 1 in Hexes
  8505 | D:6      | Reached **** piety under Nemelex Xobeh
  8532 | D:6      | Found Qoforph's Weapon Boutique.
  8554 | D:6      | Reached XP level 8. HP: 41/41 MP: 12/20
  9022 | D:6      | Found Kairanyz's Armour Emporium.
  9104 | D:6      | Found an ornate altar of the Wu Jian Council.
  9620 | D:6      | Found Faps's Jewellery Shop.
  9623 | D:6      | Received a gift from Nemelex Xobeh
 10053 | D:6      | Bought a ring of poison resistance for 240 gold pieces
 10114 | D:6      | Found Codon Fyu's Book Shop.
 10121 | D:6      | Noticed a troll
 10128 | D:6      | Learned a level 3 spell: Confusing Touch
 10133 | D:6      | Learned a level 4 spell: Fulminant Prism
 10158 | D:6      | a troll changed into a blink frog
 10158 | D:6      | Noticed a blink frog
 10165 | D:6      | Killed a blink frog
 10404 | D:6      | Found Diutir's Magic Scroll Shoppe.
 10985 | D:7      | Found a stormy altar of Qazlal.
 10986 | D:7      | Received a gift from Nemelex Xobeh
 11009 | D:7      | Reached XP level 9. HP: 45/45 MP: 18/22
 11555 | D:7      | Reached skill level 5 in Hexes
 11835 | D:7      | You fall into a shaft and drop 2 floors!
 12213 | D:8      | Reached ***** piety under Nemelex Xobeh
 12224 | D:8      | Received a gift from Nemelex Xobeh
 13587 | D:8      | Found a basalt altar of Yredelemnul.
 13646 | D:8      | Found a white marble altar of Elyvilon.
 13765 | D:8      | Received a gift from Nemelex Xobeh
 14316 | D:7      | Found a staircase to the Ecumenical Temple.
 14617 | D:2      | Bought a potion of curing for 42 gold pieces
 14617 | D:2      | Bought a potion of curing for 42 gold pieces
 14617 | D:2      | Bought a potion of curing for 42 gold pieces
 14665 | D:2      | Bought a scroll of teleportation for 42 gold pieces
 14866 | D:9      | Reached XP level 10. HP: 50/50 MP: 25/25
 15243 | D:9      | Received a gift from Nemelex Xobeh
 15246 | D:9      | Identified the +8 lajatang of Wu Jian's Regard {heavy, rF++
                  | Will+ Str+5}
 15430 | D:9      | Found a sacrificial altar of Ru.
 15643 | D:9      | Learned a level 2 spell: Blink
 15779 | D:9      | Slain by a hog

Illustrated notes

Levels and vault maps discovered:
D:1:      tarquinn_simple_flora_water_f, layout_loops_cross, minmay_lizard_pond
D:2:      minmay_angry_zag, layout_loops_cross, basic_altar, serial_shops, shop,
          nicolae_shop_real_fake_doors, nicolae_diamond_shop,
          hellmonk_ecumenical_altar_crossroads, st_stairs_2
D:3:      layout_basic, mainiacjoe_overflow_concentric_impassable,
          mainiacjoe_overflow_small_starburst, nicolae_overflow_squiral,
          minmay_fractal_squares_diagonal_5, uniq_crazy_yiuf_cottage
D:4:      layout_loops_corners, worldfamousw_hep_ancestral_shrine,
          enter_ossuary_1
D:5:      layout_cave_pods, grunt_dithmenos_smoke, lemuel_tele_altar,
          uniq_prince_ribbit1
D:6:      layout_basic, pdpol_wu_jian_five_deadly_venoms, serial_shops,
          nicolae_shop_stone, nicolae_shop_trees, nicolae_shop_gaudy_bauble,
          shop, shop_fountains, feat_on_display
D:7:      layout_basic, grunt_qazlal_clouds, lemuel_temple_firewalk_a
D:8:      layout_basic, kennysheep_ying_yang
D:9:      layout_roguey, grunt_livestock, hangedman_feature_mirror,
          hangedman_decor_peaks_small, lemuel_flamethrower_hall

Skill      XL: |  1  2  3  4  5  6  7  8  9 10 |
---------------+-------------------------------+-----
Stealth        | 3 4 5 6 7 9 |  9.4
Dodging        | 3 4 5 6 7 8 |  8.7
Spellcasting   | 4 5 6 7 9 |  9.6
Conjurations   | 5 6 7 8 |  8.9
Hexes          | 1 4 6 7 |  7.0
Short Blades   | |  0.7
Translocations | |  0.8

Action                     |  1- 3 |  4- 6 |  7- 9 | 10-12 || total
---------------------------+-------+-------+-------+-------++-------
  Melee: Short sword       |     1 |       |       |       ||     1
         Spear             |     3 |     4 |       |       ||     7
         Mace              |       |     3 |    11 |       ||    14
         Dagger            |       |       |    61 |    94 ||   155
         Punch             |       |       |       |     2 ||     2
   Cast: Magic Dart        |    80 |   135 |   198 |    10 ||   423
         Searing Ray       |       |       |    31 |     1 ||    32
         Slow              |       |       |     1 |       ||     1
         Dazzling Flash    |       |       |     1 |     2 ||     3
         Confusing Touch   |       |       |       |    10 ||    10
         Fulminant Prism   |       |       |       |     1 ||     1
 Invoke: Draw Destruction  |       |     7 |     4 |     1 ||    12
         Draw Escape       |       |     1 |       |       ||     1
    Use: Scroll            |       |    11 |     8 |       ||    19
         Potion            |       |       |     1 |       ||     1
   Stab: Invisible         |       |       |     2 |       ||     2
         Sleeping          |       |       |     1 |       ||     1
         Confused          |       |       |       |    11 ||    11
 Armour: Robe              |       |     7 |    20 |    20 ||    47
  Dodge: Dodged            |    16 |    23 |   160 |   122 ||   321
